 Dungeon Crawl Stone Soup version 0.22.1-2-g9c5b331383 (webtiles) character file.

508 McIrco the Covert (level 6, -4/41 HPs)
             Began as a Vampire Enchanter on Jan 5, 2019.
             Slain by Crazy Yiuf
             ... wielding a +4 quarterstaff of chaos
              (6 damage)
             ... on level 4 of the Dungeon.
             The game lasted 00:07:02 (4795 turns).

McIrco the Covert (Vampire Enchanter)               Turns: 4795, Time: 00:07:03

Health: -4/41      AC:  8    Str:  9    XL:     6   Next: 98%
Magic:  9/9        EV:  2    Int: 18    God:
Gold:   158        SH:  0    Dex: 14    Spells: 8/9 levels left

rFire    x . .     SeeInvis +   a - +2 dagger
rCold    + + +     Gourm    .   e - +0 shield
rNeg     + + +     Faith    .   o - +3 leather armour {MR+}
rPois    ∞         Spirit   .   (no helmet)
rElec    .         Reflect  .   h - +1 cloak
rCorr    .         Harm     .   (no gloves)
MR       +....                  (no boots)
Stlth    ++++++....             (no amulet)
HPRegen  0.00/turn              g - ring of ice
MPRegen  0.11/turn              (no ring)

@: petrified, bloodless, non-regenerating
A: fangs 3, see invisible, unbreathing
a: Bat Form


You were on level 4 of the Dungeon.
You were bloodless.

You visited 1 branch of the dungeon, and saw 4 of its levels.

You collected 158 gold pieces.

Inventory:

Hand Weapons
 a - a +2 dagger (weapon)
 m - a +2 short sword of protection
Armour
 b - a +0 robe
 e - a +0 shield (worn)
 h - a +1 cloak (worn)
 o - a +3 leather armour of magic resistance (worn)
Magical Staves
 k - an uncursed staff of earth {unknown}
Jewellery
 g - a ring of ice (left hand)
Scrolls
 f - 3 scrolls of identify
 j - a scroll of enchant weapon
Potions
 c - 2 potions of flight
 d - 12 potions of blood
 i - 2 potions of curing
 l - 2 potions of haste {unknown}
 n - a potion of resistance {unknown}


   Skills:
 + Level 3.5 Short Blades
 * Level 4.7 Dodging
 + Level 9.0 Stealth
 + Level 1.1 Shields
 - Level 2.0 Spellcasting
 - Level 4.4 Hexes


You had 8 spell levels left.
You knew the following spells:

 Your Spells              Type           Power        Failure   Level  Hunger
a - Corona                Hex            ###....      26%         1    #......

Your spell library contained the following spells:

 Spells                   Type           Power        Failure   Level  Hunger
 Confuse                  Hex            ###.....     58%         3    ###....
 Tukima's Dance           Hex            ###.....     58%         3    ###....
 Ensorcelled Hibernation  Hex/Ice        ##....       67%         2    ###....
 Dazzling Spray           Conj/Hex       #.....       88%         3    ###....


Dungeon Overview and Level Annotations

Branches:
Dungeon (4/15)
 Temple: D:4-7

Altars:
Hepliaklqana
Wu Jian

Annotations:
D:3 1 runed door, Marnok's ghost, weakling DgGl
D:4 Crazy Yiuf


Innate Abilities, Weirdness & Mutations

You do not heal naturally.
You are immune to poison.
You have razor-sharp teeth.
You have supernaturally acute eyesight. (SInv)
You can survive without breathing.


Message History

Crazy Yiuf barely misses you.
Crazy Yiuf hits you with a quarterstaff of chaos!
Crazy Yiuf burns you.
You have turned to stone.
Crazy Yiuf hits you with a quarterstaff of chaos.
* * * LOW HITPOINT WARNING * * *
Crazy Yiuf burns you.
* * * LOW HITPOINT WARNING * * *
Crazy Yiuf hits you with a quarterstaff of chaos.
You convulse.
* * * LOW HITPOINT WARNING * * *
Crazy Yiuf cries, "Shower shoe meccalolo!"
Crazy Yiuf hits you with a quarterstaff of chaos!
* * * LOW HITPOINT WARNING * * *
Crazy Yiuf burns you.
* * * LOW HITPOINT WARNING * * *
Crazy Yiuf barely misses you. Crazy Yiuf hits you but does no damage.
Space bends around you.
* * * LOW HITPOINT WARNING * * *
Crazy Yiuf hits you with a quarterstaff of chaos!
You die...

####♣♣ #####
##....♣♣ ♣♣#..)#
#......♣♣♣♣.'g@.#
#.......♣..♣#...#
#......♣.♣♣♣#####
##.##♣♣♣♣♣ # #.#
# #.######## #
#........### #
##.......... #
#>.####....


You could see Crazy Yiuf.

Vanquished Creatures
  Eustachio (D:4)
  An ogre (D:4)
  A phantom (D:2)
  A hound (D:4)
  An iguana (D:3)
  A worker ant (D:2)
  4 adders (D:3)
  An ooze (D:4)
  3 worms (D:2)
  3 dart slugs (D:2)
  3 leopard geckos
  2 orcs (D:3)
  2 ball pythons
  3 giant cockroaches
  4 goblins
  5 hobgoblins
  9 jackals
  6 kobolds
  A quokka (D:3)
  4 bats
  4 frilled lizards
  A quokka skeleton (D:2)
  7 rats
68 creatures vanquished.

Notes
Turn   | Place    | Note
-------+----------+-------------------------------------------
     0 | D:1      | McIrco the Vampire Enchanter began the quest for the Orb.
     0 | D:1      | Reached XP level 1. HP: 13/13 MP: 3/3
   179 | D:1      | Reached skill level 5 in Stealth
   218 | D:1      | Reached XP level 2. HP: 18/19 MP: 5/5
   932 | D:2      | Found an ornate altar of the Wu Jian Council.
   932 | D:2      | Found a hazy altar of Hepliaklqana.
  1400 | D:2      | Reached XP level 3. HP: 24/24 MP: 6/6
  1501 | D:2      | Reached skill level 6 in Stealth
  1657 | D:2      | Noticed a phantom
  3336 | D:3      | Reached XP level 4. HP: 30/30 MP: 7/7
  3447 | D:3      | Noticed Marnok's ghost (weakling DgGl)
  3448 | D:3      | Found a runed door.
  3604 | D:3      | Found a faded altar of an unknown god.
  3877 | D:3      | Reached XP level 5. HP: 35/35 MP: 8/8
  4042 | D:2      | Killed a phantom
  4042 | D:2      | Reached skill level 7 in Stealth
  4186 | D:4      | Noticed an ogre
  4191 | D:4      | Killed an ogre
  4191 | D:4      | Reached skill level 8 in Stealth
  4191 | D:4      | Reached XP level 6. HP: 33/41 MP: 9/9
  4719 | D:4      | Noticed Eustachio
  4724 | D:4      | Killed Eustachio
  4724 | D:4      | Reached skill level 9 in Stealth
  4724 | D:4      | Reached skill level 1 in Shields
  4777 | D:4      | Found a runed door.
  4781 | D:4      | Noticed Crazy Yiuf
  4794 | D:4      | HP: 2/41 [Crazy Yiuf/quarterstaff of chaos (2)]
  4795 | D:4      | Slain by Crazy Yiuf

Skill      XL: |  1  2  3  4  5  6 |
---------------+-------------------+-----
Stealth        | 5 6 8 9 |  9.0
Dodging        | 3 4 |  4.7
Short Blades   | 2 3 |  3.5
Shields        | 1 |  1.1
Spellcasting   | |  2.0
Hexes          | |  4.4

Action                   |  1- 3 |  4- 6 || total
-------------------------+-------+-------++-------
Melee: Dagger            |   153 |   104 ||   257
       Bite              |    13 |     9 ||    22
 Cast: Corona            |     4 |       ||     4
  Use: Potion            |     1 |       ||     1
       Scroll            |       |     7 ||     7
 Stab: Sleeping          |    17 |    14 ||    31
       Distracted        |     2 |     1 ||     3
  Eat: Corpse            |     1 |     1 ||     2
Armor: Robe              |    27 |    26 ||    53
       Leather armour    |       |     2 ||     2
Dodge: Dodged            |    77 |    54 ||   131
Block: Shield            |       |    21 ||    21
